cohdb
Replays
Latest Replays
All Replays
Popular Replays
Top Player Replays
Match Explorer
How It Works
Community
CoH3 Stats
Reddit
Sign in to upload your games and track your stats! →
Sign in with Steam
Match 39714811
Unlisted
Match 39714811
Overview
Messages
Build Orders
End
Construct Barracks
Selects Armored Battlegroup
Selects Veteran Crews
Engineer Squad
1⁄4-ton 4x4 Truck
Riflemen Squad
Riflemen Squad
Grenade Package
Construct Weapon Support Center
Bazooka Squad
Construct Medical Station
Infantry Support Center
M3 Armored Personnel Carrier
Bazooka Squad
M3 Armored Personnel Carrier
Selects M31 Recovery Vehicle
Mortar Pit
Advanced Logistics
Construct Motor Pool
Selects War Machine
Selects Strength in Steel
M3 Armored Personnel Carrier
M3 Armored Personnel Carrier
Riflemen Squad
Construct Motor Pool
M1 Anti-tank Gun Team
Shefield
让你爱上学习
抖音呆呆河马-英3小程序
Raiden
今甜
pajeet kumar
0
0
Comments
sign in to comment!
No comments posted yet!